 Dungeon Crawl Stone Soup version 0.27-a0-1140-g099f9bb0e8 (webtiles) character file.

Game seed: 1735208090193510835

49 Zeld the Magician (level 3, -1/27 HPs)
             Began as a Djinni Conjurer on May 9, 2021.
             Slain by an orc
             ... wielding a +0 dagger of venom
              (2 damage)
             ... on level 2 of the Dungeon.
             The game lasted 00:02:18 (2299 turns).

Zeld the Magician (Djinni Conjurer)                 Turns: 2299, Time: 00:02:19

Health: -1/27      AC:  2    Str:  6    XL:     3   Next: 75%
Gold:   21         EV: 12    Int: 20    God:
                   SH:  0    Dex: 11

rFire    + + .     SeeInvis .   (no weapon)
rCold    x . .     Faith    .   (no shield)
rNeg     . . .     Spirit   .   a - +0 robe
rPois    ∞         Reflect  .   (no helmet)
rElec    .         Harm     .   (no cloak)
rCorr    .         Rampage  .   (no gloves)
Will     .....                  (boots unavailable)
Stlth    ++........             (no amulet)
HPRegen  0.09/turn              (no ring)
MPRegen  0.00/turn              (no ring)

@: flying, very slightly contaminated
A: sickness immunity, fire resistance 2, cold vulnerability 1, float, innate
caster, hp casting, extra vitality 1
a: no special abilities


You were on level 2 of the Dungeon.
You visited 1 branch of the dungeon, and saw 3 of its levels.

You collected 21 gold pieces.

Inventory:

Armour
 a - a +0 robe (worn)
Scrolls
 b - a scroll of fear {unknown}
 d - a scroll of holy word {unknown}
 e - a scroll of blinking {unknown}
 g - a scroll of identify {unknown}
 h - a scroll of vulnerability {unknown}
 k - a scroll of amnesia {unknown}
Potions
 c - 2 potions of curing {unknown}
 f - a potion of brilliance {unknown}
 i - a potion of cancellation {unknown}
 j - 2 potions of experience {unknown}


   Skills:
 * Level 1.0 Fighting
 + Level 2.2 Dodging
 - Level 1.5 Stealth
 * Level 4.5 Spellcasting


You couldn't memorise any spells.
You knew the following spells:

 Your Spells              Type           Power      Damage    Failure   Level
a - Magic Dart            Conj           88%        1d7       1%          1
b - Searing Ray           Conj           44%        3d4       3%          2
c - Dazzling Flash        Conj/Hex       44%        N/A       6%          3
d - Fulminant Prism       Conj/Hex       11%        3d9       19%         4
e - Iskenderun's Mystic   Conj/Tloc      22%        2d6       19%         4
f - Foxfire               Conj/Fire      88%        2x1d8     1%          1
Your spell library was empty.

Dungeon Overview and Level Annotations

Branches:
Dungeon (3/15)

Altars:


Innate Abilities, Weirdness & Mutations

You are immune to sickness and miasma.
You are immune to poison.
Your flesh is very heat resistant. (rF++)
You are vulnerable to cold. (rC-)
You float through the air rather than walking.
You learn spells naturally, not from books.
Your magical power is your life essence.
You have superior vitality. (+4 HP)


Message History

There is a stone staircase leading down here.
The orc misses you.
The worm is no longer blind.
The rat is no longer blind.
The orc hits you with a +0 hand axe.
You see here an adder skeleton.
The orc is no longer blind.
You see here a jackal skeleton.
Casting: Dazzling Flash (quite dangerous; 6% risk of failure)
Confirm with . or Enter, or press ? or * to list all spells.
Aiming: Searing Ray (safe; 3% risk of failure)
Press: ? - help, Shift-Dir - straight line You miscast Searing Ray.
You are very lightly contaminated with residual magic.
Nothing appears to happen.
* * * LOW HITPOINT WARNING * * *
The rat bites you.
* * * LOW HITPOINT WARNING * * *
The rat twitches its whiskers.
The rat bites you.
* * * LOW HITPOINT WARNING * * *
The orc hits you with a +0 hand axe.
* * * LOW HITPOINT WARNING * * *
The orc hits the bush but does no damage.
The bush is poisoned.
Casting: Searing Ray (safe; 3% risk of failure)
Confirm with . or Enter, or press ? or * to list all spells.
Aiming: Searing Ray (safe; 3% risk of failure)
Press: ? - help, Shift-Dir - straight line, f - worm
Aim: a worm (92% to hit)
The searing ray hits the rat.
You kill the rat!
The searing ray hits the orc!
You kill the orc!
The searing ray hits the worm!
The worm is heavily wounded. (Press . to maintain the ray.)
* * * LOW HITPOINT WARNING * * *
Without enough magic to sustain it, your searing ray dissipates.
The orc hits you with a +0 dagger of venom.
You die...

#.........# #.#...........
..........# #...P.........
..........####.P.♣.........
..............P.P♣.P.......
#...........♣♣P..♣P........
............♣P.P♣..........
##........♣♣♣..........)...
#.......PP♣♣P..>..........
#........@o)w.............
#........#P...............
###......#.........###.#.#
#......########### #.#.P
####### #.#.P #.#.. #.#.P
#.#.. #.#..


You could see a worm and an orc.

Vanquished Creatures
  An adder (D:2)
  An orc (D:2)
  A ball python (D:1)
  3 endoplasms (D:1)
  4 goblins
  3 hobgoblins
  8 jackals
  3 kobolds
  A quokka (D:2)
  4 bats
  2 frilled lizards
  2 rats
33 creatures vanquished.

Notes
Turn   | Place    | Note
-------+----------+-------------------------------------------
     0 | D:1      | Zeld the Djinni Conjurer began the quest for the Orb.
     0 | D:1      | Reached XP level 1. HP: 15/15 MP: 0/0
   359 | D:1      | Reached XP level 2. HP: 21/22 MP: 0/0
   526 | D:1      | Reached skill level 4 in Spellcasting
  1225 | D:2      | Reached XP level 3. HP: 24/26 MP: 0/0
  1225 | D:2      | Learned a level 1 spell: Foxfire
  2063 | D:2      | Reached skill level 1 in Fighting
  2299 | D:2      | Slain by an orc

Illustrated notes

Levels and vault maps discovered:
D:1:      mrwooster_arrival_statue_2, layout_basic
D:2:      minmay_evil_eye, layout_basic, serial_shops, shop_statue,
          serial_forest, infiniplex_forest_clump_long,
          infiniplex_forest_clump_double, infiniplex_forest_corner_1,
          infiniplex_forest_fountain, infiniplex_forest_end_2,
          infiniplex_forest_clump_medium, infiniplex_forest_end_2,
          infiniplex_forest_lined_2, hellmonk_ecumenical_altar_heavens_door
D:3:      minmay_angry_zag, layout_basic, nicolae_overflow_hidden_temple,
          amcnicky_mini_corridor_feature

Skill      XL: |  1  2  3 |
---------------+----------+-----
Spellcasting   | 4 |  4.5
Fighting       | 1 |  1.0
Dodging        | |  2.2
Stealth        | |  1.5

Action                   || total
-------------------------++-------
Melee: Unarmed           ||    21
 Cast: Magic Dart        ||    55
       Searing Ray       ||     3
       Dazzling Flash    ||     2
Armor: Robe              ||    11
Dodge: Dodged            ||    48

Table legend: (Time is in decaauts)
 A = Elapsed time spent in this place.
 B = Non-inter-level travel time spent in this place.
 C = Inter-level travel time spent in this place.
 D = Time resting spent in this place.
 E = Time spent auto-exploring this place.
 F = Levels seen in this place.
 G = Mean time per level.
                   A        B        C        D        E       F      G
               +--------+--------+--------+--------+--------+-----+--------+
         Total |   2301 |   2266 |     35 |    659 |   1417 |   3 |  767.0 |
       Dungeon |   2301 |   2266 |     35 |    659 |   1417 |   3 |  767.0 |
               +--------+--------+--------+--------+--------+-----+--------+

Top non-repeatable levels by time:
     D:1: 1179 daAuts
     D:2: 1100 daAuts
     D:3: 21 daAuts
